 Dungeon Crawl Stone Soup version 0.18.1-48-g4cf74bf (webtiles) character file.

2418 Gargoyl the Covered (level 9, -1/69 HPs)
             Began as a Demonspawn Abyssal Knight on Sept 2, 2016.
             Was an Elder of Lugonu.
             Slain by an orc warrior
             ... wielding a +0 halberd
              (2 damage)
             ... on level 6 of the Dungeon on Sept 4, 2016.
             The game lasted 00:15:52 (7066 turns).

Gargoyl the Covered (Demonspawn Abyssal Knight)     Turns: 7066, Time: 00:15:52

Health: -1/69      AC: 22    Str: 21    XL:     9   Next: 24%
Magic:  11/11      EV:  8    Int: 13    God:    Lugonu [****..]
Gold:   425        SH:  0    Dex: 12    Spells: 0 memorised, 8 levels left

rFire  . . .     SeeInvis .     a - +2 hand axe
rCold  . . .     Gourm    .     j - +0 plate armour
rNeg   . . .     Faith    .     (no shield)
rPois  .         Spirit   .     i - +0 helmet
rElec  .         Dismiss  .     (no cloak)
rCorr  .         Reflect  .     f - +0 pair of gloves
SustAt .         Harm     .     e - +1 pair of boots
MR     +....                    (no amulet)
Stlth  ..........               (no ring)
                                y - ring of protection from magic

@: mighty, somewhat resistant to hostile enchantments, extremely unstealthy
A: hooves 1, rough black scales 1, powered by pain 1
a: Depart the Abyss, Bend Space, Banish, Corrupt, Renounce Religion


You were on level 6 of the Dungeon.
You worshipped Lugonu.
Lugonu was greatly pleased with you.
You were very hungry.

You visited 1 branch of the dungeon, and saw 7 of its levels.
You visited the Abyss 1 time.

You collected 425 gold pieces.

Inventory:

Hand Weapons
 a - a +2 hand axe (weapon)
Missiles
 p - 3 tomahawks (quivered)
Armour
 e - a +1 pair of boots (worn)
 f - a +0 pair of gloves (worn)
 i - a +0 helmet (worn)
 j - a +0 plate armour (worn)
Jewellery
 y - a ring of protection from magic (left hand)
Wands
 q - a wand of disintegration (20/24)
 B - a wand of iceblast (8/15)
Scrolls
 b - a scroll of teleportation
 d - 3 scrolls of identify
 g - 3 scrolls of fear
 o - a scroll of enchant weapon
 w - 3 scrolls of remove curse
 x - a scroll of fog
Potions
 h - 2 potions of curing
 k - 2 potions of cure mutation
 m - 2 potions of heal wounds {unknown}
 r - 2 potions of mutation {unknown}
 t - a potion of might
 u - a potion of resistance {unknown}
 v - 2 potions of haste {unknown}
 A - a potion of magic {unknown}
Books
 z - a book of Battle

   Spells                             Type                      Level
   a - Infusion                       Charms                       1
   b - Shroud of Golubria             Charms/Translocation         2
   c - Song of Slaying                Charms                       2
   d - Spectral Weapon                Hexes/Charms                 3
   e - Regeneration                   Charms/Necromancy            3
Comestibles
 c - 3 bread rations
 l - a meat ration


   Skills:
 + Level 5.9 Fighting
 + Level 5.3 Axes
 + Level 0.1 Throwing
 * Level 7.0 Armour
 + Level 5.6 Dodging
 + Level 0.6 Stealth
 + Level 3.0 Invocations
 + Level 0.8 Evocations


You had 8 spell levels left.
You didn't know any spells.

Dungeon Overview and Level Annotations

Branches:
Dungeon (7/15)             Temple (0/1) D:5

Altars:
Fedhas


Innate Abilities, Weirdness & Mutations

You are partially covered in rough black scales (AC +4, Dex -1).
You sometimes gain a little power by taking damage.
You have large cloven feet.


Message History

The orc warrior is lightly wounded.
You hit the orc but do no damage. The orc warrior barely misses you.
The big kobold hits you. The orc barely misses you.
Unknown command.
Drink which item? (? for menu, Esc to quit)
It was a potion of might.
You feel very mighty all of a sudden.
The orc warrior hits you with a halberd!
* * * LOW HITPOINT WARNING * * *
The big kobold hits you but does no damage.
The orc hits you with a trident.
* * * LOW HITPOINT WARNING * * *
The orc warrior hits you but does no damage.
The orc hits you but does no damage. The big kobold hits you.
* * * LOW HITPOINT WARNING * * *
The orc warrior hits you from afar with a halberd!
* * * LOW HITPOINT WARNING * * *
The orc warrior hits you from afar with a halberd.
You die...

..#...(#........#..#......#
###....#.<......#..#......#
.......#........#..#......#
.......#........#..#......#
'###...#...))...+..#......#
.###'###....>...#'##......#
...#...#.....[o...........#
...#...'..................#
..##...#......oK@....)....#
..##...#..........<.......#
..##...#....##########....#
...+...#....#........#....#
...#...#....#.....^..#....#
###
+###...#....###+###..#....#
#.[
..####+#....#....##'##....#
#..
..#.........#....#....###.#
#..
..#.........#....+....#...#
#..


You could see an orc warrior, a big kobold and an orc.

Vanquished Creatures
  Pikel (D:5)
  Grinder (D:4)
  A hippogriff (D:6)
  An ice beast (D:6)
  A sky beast (D:5)
  2 ogres (D:6)
  2 centaurs
  2 big kobolds (D:3)
  4 giant frogs
  A water moccasin skeleton (D:5)
  A crimson imp (D:5)
  2 jellies (D:5)
  Jessica (D:3)
  Ijyb (D:2)
  2 iguanas (D:5)
  2 orc wizards (D:3)
  3 worker ants
  A hound skeleton (D:6)
  7 adders
  8 gnolls
  An ooze (D:5)
  An adder zombie (D:6)
  A worm (D:2)
  A dart slug (D:2)
  2 giant geckos
  7 orcs
  2 ball pythons
  6 giant cockroaches
  43 goblins
  35 hobgoblins
  11 jackals
  7 kobolds
  6 bats
  4 giant newts (D:2)
  A quokka skeleton (D:5)
  4 rats
176 creatures vanquished.

Vanquished Creatures (others)
  A crimson imp (D:5)
  A kobold (D:2)
2 creatures vanquished.

Grand Total: 178 creatures vanquished

Notes
Turn   | Place    | Note
--------------------------------------------------------------
     0 | Abyss:1  | Gargoyl the Demonspawn Abyssal Knight began the quest for the Orb.
     0 | Abyss:1  | Reached XP level 1. HP: 18/18 MP: 2/2
   101 | Abyss:1  | Noticed an apocalypse crab
   109 | Abyss:1  | Noticed a large abomination
   119 | D:1      | Escaped the Abyss
   186 | D:1      | Reached * piety under Lugonu
   271 | D:1      | Gained mutation: You are partially covered in rough black scales (AC +4, Dex -1). [demonic ancestry]
   271 | D:1      | Reached XP level 2. HP: 22/24 MP: 3/3
   296 | D:1      | Reached skill level 2 in Armour
   372 | D:1      | Reached skill level 1 in Dodging
   652 | D:2      | Reached XP level 3. HP: 20/29 MP: 4/4
  1274 | D:2      | Reached XP level 4. HP: 35/36 MP: 5/5
  1425 | D:2      | Noticed Ijyb
  1429 | D:2      | Reached ** piety under Lugonu
  1442 | D:2      | Killed Ijyb
  1834 | D:2      | Reached XP level 5. HP: 33/42 MP: 6/6
  2056 | D:3      | Noticed Jessica
  2103 | D:3      | Killed Jessica
  2103 | D:3      | Reached skill level 3 in Armour
  2393 | D:3      | Reached *** piety under Lugonu
  2969 | D:3      | Gained mutation: You sometimes gain a little power by taking damage. [demonic ancestry]
  2969 | D:3      | Reached XP level 6. HP: 47/48 MP: 7/7
  3320 | D:3      | Reached **** piety under Lugonu
  3693 | D:3      | Reached XP level 7. HP: 43/54 MP: 8/8
  3698 | D:3      | Reached skill level 4 in Armour
  4010 | D:4      | Noticed Grinder
  4020 | D:5      | Entered Level 5 of the Dungeon
  4086 | D:4      | Paralysed by Grinder for 4 turns
  4099 | D:4      | Killed Grinder
  4541 | D:5      | Gained mutation: You have large cloven feet. [mutagenic meat]
  4542 | D:5      | Gained mutation: Scrolls take you a little longer to read. [mutagenic meat]
  4543 | D:5      | Gained mutation: You possess an exceptional clarity of mind. [mutagenic meat]
  4546 | D:5      | Gained mutation: You are frail (-10% HP). [mutagenic meat]
  4547 | D:5      | Lost mutation: You are frail (-10% HP). [potion of cure mutation]
  4547 | D:5      | Lost mutation: Scrolls take you a little longer to read. [potion of cure mutation]
  4547 | D:5      | Lost mutation: You possess an exceptional clarity of mind. [potion of cure mutation]
  4684 | D:5      | Found a staircase to the Ecumenical Temple.
  4715 | D:5      | Reached skill level 5 in Armour
  4890 | D:5      | Reached XP level 8. HP: 43/61 MP: 10/10
  5661 | D:6      | Found a blossoming altar of Fedhas.
  5730 | D:6      | Reached skill level 5 in Fighting
  5737 | D:6      | Reached skill level 6 in Armour
  5837 | D:6      | Reached skill level 5 in Dodging
  6138 | D:6      | Noticed Pikel
  6270 | D:5      | Killed Pikel
  6270 | D:5      | Reached skill level 5 in Axes
  6270 | D:5      | Reached XP level 9. HP: 44/69 MP: 11/11
  6550 | D:6      | Reached skill level 7 in Armour
  7065 | D:6      | HP: 1/69 [orc warrior/halberd (14)]
  7066 | D:6      | Slain by an orc warrior

Skill      XL: |  1  2  3  4  5  6  7  8  9 |
---------------+----------------------------+-----
Axes           | 2 3 4 5 |  5.3
Armour         | 2 3 5 6 7 |  7.0
Dodging        | 1 2 3 4 5 |  5.6
Fighting       | 4 5 |  5.9
Invocations    | 3 |  3.0
Throwing       | |  0.1
Stealth        | |  0.6
Evocations     | |  0.8

Action                   |  1- 3 |  4- 6 |  7- 9 || total
-------------------------+-------+-------+-------++-------
Melee: Hand axe          |   118 |   323 |   351 ||   792
Throw: Tomahawk          |       |       |     3 ||     3
Invok: Depart the Abyss  |     1 |       |       ||     1
       Banish            |       |       |     1 ||     1
Evoke: Wand              |       |       |     6 ||     6
  Use: Scroll            |       |     3 |    11 ||    14
       Potion            |       |     1 |     2 ||     3
  Eat: Chunk             |     1 |     9 |    12 ||    22
       Bread ration      |       |       |     1 ||     1
Armor: Ring mail         |    86 |    39 |       ||   125
       Scale mail        |       |   241 |   171 ||   412
       Plate armour      |       |       |    74 ||    74
Dodge: Dodged            |    96 |   249 |   193 ||   538
